 Dungeon Crawl Stone Soup version 0.25.1-2-g60ff931df9 (webtiles) character file.

Game seed: 13487501945367489045

107088 Elvor the Warrior (level 15, -14/147 HPs)
             Began as a Minotaur Fighter on Aug 27, 2020.
             Was a High Priest of Okawaru.
             Killed from afar by a fire dragon (38 damage)
             ... with a blast of flame
             ... on level 15 of the Dungeon.
             The game lasted 03:52:07 (20811 turns).

Elvor the Warrior (Minotaur Fighter)               Turns: 20811, Time: 03:52:08

Health: -14/147    AC: 24    Str: 35    XL:     15   Next: 99%
Magic:  15/15      EV: 12    Int: 12    God:    Okawaru [*****.]
Gold:   797        SH: 27    Dex: 10    Spells: 10/14 levels left

rFire    . . .     SeeInvis +   R - +0 morningstar (vamp)
rCold    . . .     Gourm    .   s - +0 tower shield "Jazo" {rElec}
rNeg     + . .     Faith    .   k - +2 pearl dragon scales
rPois    +         Spirit   .   (helmet restricted)
rElec    +         Reflect  +   B - +2 cloak {Stlth+}
rCorr    .         Harm     .   H - +2 pair of gloves
MR       +....                  (no boots)
Stlth    ..........             F - amulet of reflection
HPRegen  0.34/turn              l - ring "Atuasuko" {rElec rPois Str+3 Int+6 SInv}
MPRegen  0.14/turn              x - +6 ring of strength

@: very slightly contaminated
A: retaliatory headbutt, horns 2
a: Heroism, Finesse, Renounce Religion


You were on level 15 of the Dungeon.
You worshipped Okawaru.
Okawaru was extremely pleased with you.
You were not hungry.

You visited 3 branches of the dungeon, and saw 22 of its levels.
You visited 1 bazaar.
You also visited: Gauntlet and Ice Cave.

You collected 1519 gold pieces.
You spent 722 gold pieces at shops.

Inventory:

Hand Weapons
 o - a +3 scimitar of flaming
 u - a +0 vorpal quarterstaff
 N - a +3 short sword
 R - a +0 vampiric morningstar (weapon)
 Z - a +2 vorpal scimitar
Missiles
 e - 19 javelins
 J - 9 boomerangs (quivered)
Armour
 d - a +4 chain mail of cold resistance
 k - +2 pearl dragon scales (worn)
 s - the +0 tower shield "Jazo" (worn) {rElec}
   (Okawaru gifted it to you on level 13 of the Dungeon)

   It insulates you from electricity.
 B - a +2 cloak of stealth (worn)
 E - a +2 robe of magic resistance
 H - a +2 pair of gloves (worn)
 I - the +1 robe of Puyl {rC+ Regen+}
   (You found it on level 14 of the Dungeon)

   It protects you from cold.
   It increases your rate of regeneration.
Jewellery
 c - the ring of Phasing {EV+8}
   (You found it on level 6 of the Lair of Beasts)

   [ring of evasion]

   It affects your evasion (+8).
 l - the ring "Atuasuko" (left hand) {rElec rPois Str+3 Int+6 SInv}
   (You found it in a Gauntlet)

   [ring of intelligence]

   It affects your strength (+3).
   It affects your intelligence (+6).
   It insulates you from electricity.
   It protects you from poison.
   It lets you see invisible.
 m - an uncursed amulet of regeneration
 q - an uncursed ring of see invisible
 x - a +6 ring of strength (right hand)
 F - an amulet of reflection (around neck)
 P - a ring of the Octopus King {rC+ AC+1 EV+1 Str+1 Int+1 Dex+1}
   (You took it off an orc priest on level 15 of the Dungeon)

   [ring of protection from cold]

   It affects your AC (+1).
   It affects your evasion (+1).
   It affects your strength (+1).
   It affects your intelligence (+1).
   It affects your dexterity (+1).
   It protects you from cold.
 Q - an uncursed amulet of guardian spirit
Wands
 t - a wand of polymorph (2)
 y - a wand of clouds (7)
 G - a wand of paralysis (19)
 L - a wand of enslavement (11)
 M - a wand of flame (20)
 S - a wand of acid (11)
 T - a wand of digging (3)
 V - a wand of iceblast (12)
Scrolls
 a - 2 scrolls of immolation
 i - 8 scrolls of teleportation
 p - 6 scrolls of fear
 v - 7 scrolls of remove curse
 w - a scroll of vulnerability
 z - 6 scrolls of blinking
 C - 6 scrolls of magic mapping
 D - 2 scrolls of summoning
 W - a scroll of silence
 X - 3 scrolls of fog
 Y - 4 scrolls of identify
Potions
 b - a potion of resistance
 g - 6 potions of haste
 h - 2 potions of cancellation
 j - 2 potions of flight
 n - a potion of magic
 r - 2 potions of heal wounds
 A - 4 potions of curing
 K - a potion of might
 O - 4 potions of lignification
Comestibles
 f - 28 rations
 U - 7 chunks of flesh


   Skills:
 * Level 17.0 Fighting
 + Level 16.8 Maces & Flails
 + Level 10.0 Throwing
 + Level 12.1 Armour
 * Level 7.8 Dodging
 + Level 15.5 Shields
 + Level 2.0 Invocations
 + Level 0.5 Evocations


You had 10 spell levels left.
You knew the following spells:

 Your Spells              Type           Power        Failure   Level  Hunger
a - Slow                  Hex            #.......     97%         2    ###....
b - Swiftness             Chrm/Air       #.......     97%         2    ###....

Your spell library contained the following spells:

 Spells                   Type           Power        Failure   Level  Hunger
 Corona                   Hex            #......      90%         1    ##.....
 Magic Dart               Conj           #...         90%         1    ##.....
 Shock                    Conj/Air       #...         90%         1    ##.....
 Ensorcelled Hibernation  Hex/Ice        #.....       97%         2    ###....
 Searing Ray              Conj           #.....       97%         2    ###....
 Confusing Touch          Hex            #.......     99%         3    ####...
 Dazzling Flash           Conj/Hex       #.....       99%         3    ####...
 Inner Flame              Hex/Fire       #.......     99%         3    ####...
 Portal Projectile        Hex/Tloc       #.....       99%         3    ####...
 Static Discharge         Conj/Air       #.......     99%         3    ####...
 Tukima's Dance           Hex            #.......     99%         3    ####...
 Airstrike                Air            #.........   100%        4    #####..
 Cause Fear               Hex            #.........   100%        4    #####..
 Fulminant Prism          Conj/Hex       #.........   100%        4    #####..
 Iskenderun's Mystic Bla  Conj/Tloc      #.......     100%        4    #####..
 Leda's Liquefaction      Hex/Erth       #.........   100%        4    #####..
 Lightning Bolt           Conj/Air       #.........   100%        5    ######.
 Malign Gateway           Summ/Tloc      #.........   100%        7    #######
 Monstrous Menagerie      Summ           #.........   100%        7    #######
 Summon Greater Demon     Summ           #.........   100%        7    #######
 Summon Horrible Things   Summ           #.........   100%        8    #######


Dungeon Overview and Level Annotations

Branches:
Dungeon (15/15)            Temple (1/1) D:6            Lair (6/6) D:11
 Shoals (0/4) Lair:2       Spider (0/4) Lair:3        Slime (0/5) Lair:6
    Orc (0/2) D:10         Vaults (0/5) D:13          IceCv (visited)
Gauntlet (visited)
 Depths: D:15

Altars:
Ashenzari
Cheibriados
Dithmenos
Elyvilon
Fedhas
Gozag
Hepliaklqana
Kikubaaqudgha
Makhleb
Nemelex Xobeh
Okawaru
Qazlal
Ru
Sif Muna
Trog
Uskayaw
Vehumet
Wu Jian
Xom
Yredelemnul
Zin
The Shining One
Beogh

Shops:
D:5 (   D:7 }   D:9 *   D:12 (


Innate Abilities, Weirdness & Mutations

You reflexively headbutt those who attack you in melee.
You have a pair of horns on your head.


Message History

The fire dragon breathes flames at you. The blast of flame hits you!!
* * * LOW HITPOINT WARNING * * *
Blink to where?
Press: ? - help, Dir - move target cursor, p - fire dragon You are very lightly contaminated with residual magic.
As you read the scroll of blinking, it crumbles to dust.
You enter the shallow water.
Moving in this stuff is going to be slow.
You feel much better.
You start resting.
The fire dragon is too close now for your liking.
The fire dragon breathes flames at you. The blast of flame hits you!
* * * LOW HITPOINT WARNING * * *
You hit the fire dragon.
You feel better.
The fire dragon is lightly wounded.
The fire dragon breathes flames at you. The blast of flame hits you!!!
You die...

#.#.##≈≈≈≈≈≈)≈###.# #
#.#.#≈≈≈≈≈≈≈≈≈≈##.###
#.#.≈≈≈≈≈≈≈≈≈≈≈#.....
#.#.≈≈≈≈≈≈≈≈≈≈≈######
#.#.#≈≈≈≈≈≈≈≈≈≈.....#
#.#.##≈≈≈≈≈≈≈≈#####.#
#.#.###≈≈≈≈≈≈## #.≈
######.#D####≈≈≈≈#######≈≈
#......#.@....≈≈.......≈≈≈
##.#######################
#.# #.# ##.# #..# ##.# #.#
#.#


You could see a fire dragon (catching breath).

Vanquished Creatures
  Jorgrun (D:14)
  Kirke (D:13)
  A frost giant (IceCv)
  A reaper (Gauntlet)
  The ghost of infcreate the Fighter, a journeyman HuBe of Trog (Lair:5)
  The ghost of Hiywul the Fighter, a journeyman MiHu of Trog (Lair:4)
  A minotaur (Gauntlet)
  Snorg (D:14)
  A fire dragon (D:15)
  Josephine (D:10)
  Fannar (D:11)
  An ice dragon (Lair:4)
  4 vault guards (D:13)
  Harold (D:7)
  11 hydras
  A hell beast (Gauntlet)
  A catoblepas (Lair:6)
  A merfolk avatar (Lair:6)
  2 centaur warriors
  Erica (D:10)
  4 two-headed ogres
  7 death yaks
  Sonja (D:11)
  Urug (D:11)
  Nergalle (D:11)
  A fire crab (Gauntlet)
  3 unseen horrors
  Pikel (D:9)
  4 ugly things
  A deep elf mage (D:13)
  A harpy (Lair:6)
  2 moths of wrath (Lair:4)
  3 manticores
  A cyclops (D:12)
  12 elephants
  An ice statue (IceCv)
  A torpor snail (Lair:6)
  A black mamba (Lair:5)
  Maurice (D:13)
  9 spiny frogs
  2 gargoyles
  A yaktaur (D:15)
  An efreet (D:14)
  8 rime drakes
  2 hellwings (Gauntlet)
  A kobold demonologist (D:13)
  9 komodo dragons
  A queen bee (Lair:3)
  23 polar bears
  A queen bee (shapeshifter) (D:14)
  A troll (D:10)
  5 slime creatures
  8 blink frogs
  8 dream sheep (Lair:6)
  9 hippogriffs
  8 hornets
  The ghost of H0rd4k the Insei, an amateur OpTm (D:5)
  A redback (Lair:2)
  A water elemental (D:15)
  5 spriggans (Lair:4)
  6 wyverns
  87 yaks
  6 wraiths
  3 fire bats (Gauntlet)
  3 hogs (D:13)
  4 basilisks
  A steam dragon (D:11)
  8 humans (D:13)
  Menkaure (D:7)
  3 hungry ghosts
  A soldier ant (D:14)
  An acid dragon (D:11)
  2 wargs
  Duvessa (D:7)
  Edmund (D:4)
  13 water moccasins
  9 porcupines
  4 ice beasts
  A hornet zombie (D:8)
  12 orc warriors
  3 slaves (D:9)
  2 black bears
  A sky beast (D:13)
  A necrophage (D:9)
  50 wolves
  13 ogres
  7 centaurs
  5 phantoms
  17 crocodiles
  A big kobold (D:6)
  23 bullfrogs
  2 wyvern zombies
  2 wyvern skeletons
  Dowan (D:7)
  2 scorpions
  26 killer bees
  9 howler monkeys
  12 wights
  An electric eel (Lair:4)
  9 crimson imps
  6 centaur zombies
  5 hounds
  4 bullfrog zombies
  18 orc wizards
  2 centaur skeletons
  14 orc priests
  4 jellies
  2 bullfrog skeletons (D:11)
  3 gnoll shamans
  Natasha (thrice) (D:3)
  3 iguanas
  9 worker ants
  A hound zombie (D:11)
  2 hound skeletons
  2 worker ant zombies (D:9)
  15 gnolls
  9 adders
  9 shadow imps
  An ooze (D:3)
  An adder skeleton (D:4)
  An adder zombie (D:8)
  A dart slug (D:1)
  5 worms
  11 leopard geckos
  88 orcs
  9 bats
  5 giant cockroaches
  5 goblins
  8 hobgoblins
  5 jackals
  5 quokkas
  2 ball pythons
  5 frilled lizards
  11 kobolds
  A quokka skeleton (D:6)
  A quokka zombie (D:5)
  7 rats
  A fungus (Lair:2)
  2 plants (D:1)
826 creatures vanquished.

Vanquished Creatures (others)
  A yak (IceCv)
  2 bushes (Lair:6)
  5 fungi
  6 plants (Lair:6)
14 creatures vanquished.

Grand Total: 840 creatures vanquished

Notes
Turn   | Place    | Note
-------+----------+-------------------------------------------
     0 | D:1      | Elvor the Minotaur Fighter began the quest for the Orb.
     0 | D:1      | Reached XP level 1. HP: 19/19 MP: 0/0
   276 | D:1      | Reached XP level 2. HP: 25/27 MP: 1/1
   446 | D:1      | Reached skill level 4 in Fighting
   551 | D:1      | Reached XP level 3. HP: 33/33 MP: 2/2
  1156 | D:3      | Reached XP level 4. HP: 34/41 MP: 3/3
  1166 | D:3      | Noticed Natasha
  1175 | D:3      | Killed Natasha
  1175 | D:3      | Reached XP level 5. HP: 24/47 MP: 4/4
  1232 | D:3      | Noticed Natasha
  1236 | D:3      | Killed Natasha
  1236 | D:3      | Reached skill level 5 in Fighting
  1294 | D:3      | Noticed Natasha
  1316 | D:3      | Reached skill level 5 in Shields
  1325 | D:3      | Killed Natasha
  1598 | D:3      | You fall into a shaft and drop 2 floors!
  1598 | D:5      | Entered Level 5 of the Dungeon
  1617 | D:5      | Reached XP level 6. HP: 55/56 MP: 5/5
  1619 | D:5      | Got a pitted chain mail
  1637 | D:5      | Identified the +0 chain mail of Bad Feelings {rF+} (You
                  | found it on level 5 of the Dungeon)
  1775 | D:5      | Found a runed translucent gate.
  1775 | D:5      | Found a runed translucent gate.
  1775 | D:5      | Found a runed translucent gate.
  1780 | D:5      | Noticed H0rd4k's ghost (amateur OpTm)
  1785 | D:5      | Identified the +1 ring mail of Aloolugg {-Tele +Inv rCorr
                  | Str+6}
  1786 | D:5      | Found a roughly hewn altar of Beogh.
  1906 | D:5      | Noticed a water moccasin
  1914 | D:5      | Killed a water moccasin
  1914 | D:5      | Reached skill level 5 in Maces & Flails
  1914 | D:5      | Reached skill level 1 in Dodging
  2110 | D:5      | Found Elihucs's Antique Weapon Emporium.
  2202 | D:4      | Reached XP level 7. HP: 52/62 MP: 6/6
  2310 | D:3      | Reached skill level 6 in Fighting
  2698 | D:4      | Found Lietwum's Magic Scroll Emporium.
  2714 | D:4      | Bought a scroll of identify for 20 gold pieces
  2714 | D:4      | Bought a scroll of remove curse for 30 gold pieces
  2714 | D:4      | Bought a scroll of magic mapping for 35 gold pieces
  2714 | D:4      | Bought 2 scrolls of blinking for 150 gold pieces
  2848 | D:4      | Got a transparent ring mail
  2859 | D:4      | Identified the +0 ring mail of a Gauntlet {rN+ Int+2} (You
                  | found it on level 4 of the Dungeon)
  3051 | D:4      | Reached skill level 1 in Throwing
  3051 | D:4      | Reached skill level 5 in Armour
  3150 | D:4      | Noticed Edmund
  3154 | D:4      | Killed Edmund
  3246 | D:4      | Reached XP level 8. HP: 71/71 MP: 7/7
  3321 | D:4      | Bought a scroll of fog for 20 gold pieces
  3446 | D:5      | Killed H0rd4k's ghost
  3552 | D:5      | Reached skill level 7 in Fighting
  4004 | D:6      | Reached skill level 8 in Fighting
  4018 | D:6      | Found a staircase to the Ecumenical Temple.
  4028 | Temple   | Entered the Ecumenical Temple
  4142 | Temple   | Became a worshipper of Warmaster Okawaru
  4215 | D:6      | Reached XP level 9. HP: 81/81 MP: 8/8
  4377 | D:7      | Found a shattered altar of Ashenzari.
  4469 | D:7      | Noticed Menkaure
  4474 | D:7      | Killed Menkaure
  4585 | D:7      | Noticed Dowan
  4586 | D:7      | Noticed Duvessa
  4598 | D:7      | Killed Dowan
  4608 | D:7      | Killed Duvessa
  4611 | D:7      | Found Wiwk's Gadget Boutique.
  4683 | D:7      | Reached * piety under Okawaru
  4688 | D:7      | Found a stormy altar of Qazlal.
  4697 | D:7      | Found a shimmering altar of Xom.
  4702 | D:7      | Found a hide-covered altar of Uskayaw.
  4745 | D:7      | Found a glowing golden altar of the Shining One.
  4747 | D:7      | Noticed Harold
  4768 | D:7      | Killed Harold
  4768 | D:7      | Reached ** piety under Okawaru
  5122 | D:8      | Noticed a two-headed ogre
  5132 | D:8      | Killed a two-headed ogre
  5132 | D:8      | Reached *** piety under Okawaru
  5132 | D:8      | Reached skill level 9 in Fighting
  5132 | D:8      | Reached skill level 10 in Maces & Flails
  5132 | D:8      | Reached XP level 10. HP: 72/91 MP: 4/9
  5668 | D:8      | Found a shadowy altar of Dithmenos.
  5720 | D:8      | Found a hazy altar of Hepliaklqana.
  6036 | D:8      | Found a glowing silver altar of Zin.
  6064 | D:7      | Bought a wand of digging (4) for 192 gold pieces
  6280 | D:8      | Reached **** piety under Okawaru
  6304 | D:8      | Reached skill level 10 in Fighting
  6321 | D:9      | Noticed a two-headed ogre
  6327 | D:9      | Killed a two-headed ogre
  6418 | D:9      | Found an ancient bone altar of Kikubaaqudgha.
  6420 | D:9      | Found a sparkling altar of Nemelex Xobeh.
  6438 | D:9      | Found an opulent altar of Gozag.
  6440 | D:9      | Found a shimmering blue altar of Sif Muna.
  6461 | D:9      | Noticed Pikel
  6484 | D:9      | Killed Pikel
  6497 | D:9      | Reached ***** piety under Okawaru
  6497 | D:9      | Received a gift from Okawaru
  6622 | D:9      | Found Courheb's Assorted Antiques.
  6693 | D:9      | Reached XP level 11. HP: 101/101 MP: 10/10
  6708 | D:9      | Found a blossoming altar of Fedhas.
  6777 | D:10     | Entered Level 10 of the Dungeon
  6781 | D:10     | Reached skill level 5 in Throwing
  6783 | D:10     | Noticed Josephine
  6838 | D:9      | Received a gift from Okawaru
  6952 | D:10     | Killed Josephine
  6952 | D:10     | Reached skill level 11 in Fighting
  7011 | D:10     | Got a crude quarterstaff
  7017 | D:10     | Identified the +2 quarterstaff of Contention {pain, rElec}
                  | (You found it on level 10 of the Dungeon)
  7123 | D:10     | Received a gift from Okawaru
  7363 | D:10     | Noticed an unseen horror
  7366 | D:10     | Found a staircase to the Orcish Mines.
  7367 | D:10     | Killed an unseen horror
  7367 | D:10     | Reached skill level 10 in Shields
  7423 | D:10     | Noticed a two-headed ogre
  7433 | D:10     | Killed a two-headed ogre
  7651 | D:11     | Found a staircase to the Lair.
  7665 | D:11     | Noticed an unseen horror
  7683 | D:11     | Noticed Sonja
  7698 | D:11     | Killed an unseen horror
  7715 | D:10     | Reached skill level 12 in Fighting
  7886 | D:11     | Reached XP level 12. HP: 72/112 MP: 11/11
  7896 | D:11     | Killed Sonja
  8030 | D:11     | Noticed Urug
  8038 | D:11     | Killed Urug
  8043 | D:11     | Noticed an eight-headed hydra
  8104 | D:11     | Killed an eight-headed hydra
  8129 | D:11     | Noticed Fannar
  8139 | D:11     | Killed Fannar
  8158 | D:11     | Received a gift from Okawaru
  8161 | D:11     | Got a glimmering triple crossbow {god gift}
  8599 | D:11     | Identified the +5 triple crossbow of the Big Fish {elec,
                  | rN+ Int-4 Stlth+} (Okawaru gifted it to you on level 11 of
                  | the Dungeon)
  8820 | D:10     | Noticed Erica
  8832 | D:10     | Killed Erica
  9012 | D:4      | Bought a scroll of brand weapon for 200 gold pieces
  9012 | D:4      | Bought a scroll of fear for 35 gold pieces
  9012 | D:4      | Bought a scroll of identify for 20 gold pieces
  9012 | D:4      | Bought a scroll of identify for 20 gold pieces
  9214 | D:12     | Found Zoxopaec's Antique Weapon Boutique.
  9465 | D:12     | Reached skill level 13 in Fighting
  9619 | D:12     | Noticed an eight-headed hydra
  9629 | D:12     | Killed an eight-headed hydra
  9629 | D:12     | Reached ****** piety under Okawaru
  9807 | D:12     | Reached skill level 10 in Armour
 10053 | D:13     | Noticed a five-headed hydra
 10061 | D:13     | Killed a five-headed hydra
 10116 | D:13     | Reached XP level 13. HP: 122/122 MP: 12/12
 10160 | D:13     | Received a gift from Okawaru
 10236 | D:13     | Got an ichor-stained tower shield {god gift}
 10247 | D:13     | Identified the +0 tower shield "Jazo" {rElec} (Okawaru
                  | gifted it to you on level 13 of the Dungeon)
 10262 | D:13     | Found a gate to the Vaults.
 10437 | D:13     | Noticed Maurice
 10476 | D:13     | Killed Maurice
 10679 | D:13     | Noticed Kirke
 11064 | Lair:1   | Entered Level 1 of the Lair of Beasts
 11068 | Lair:1   | Noticed Nergalle
 11118 | D:11     | Killed Nergalle
 11183 | Lair:1   | Reached skill level 14 in Fighting
 11280 | Lair:1   | Reached skill level 15 in Maces & Flails
 12214 | Lair:2   | Received a gift from Okawaru
 12226 | Lair:2   | Found a staircase to the Shoals.
 13252 | Lair:3   | Found a hole to the Spider Nest.
 13363 | Lair:3   | Reached XP level 14. HP: 133/133 MP: 10/13
 13366 | Lair:3   | Received a gift from Okawaru
 13625 | Lair:4   | Found a frozen archway.
 13680 | IceCv    | Entered an ice cave
 14166 | IceCv    | Reached skill level 15 in Fighting
 14198 | IceCv    | Received a gift from Okawaru
 14262 | IceCv    | Noticed a frost giant
 14293 | IceCv    | Killed a frost giant
 14322 | IceCv    | Reached skill level 5 in Dodging
 14967 | Lair:4   | Noticed Hiywul's ghost (journeyman MiHu)
 14968 | Lair:4   | Identified the +3 spear "Gahegu" {vorpal, +Inv}
 15073 | Lair:4   | Found a transporter.
 15126 | Lair:4   | Found a transporter.
 15373 | Lair:4   | Found a bloodstained altar of Trog.
 15572 | Lair:4   | Killed Hiywul's ghost
 15638 | Lair:5   | Reached skill level 1 in Invocations
 15851 | Lair:5   | Found a large runed translucent door.
 15865 | Lair:5   | Got a wizard robe
 15876 | Lair:5   | Identified the +1 robe of the Jabberwock {*Contam +Inv
                  | rElec Str+2} (You found it on level 5 of the Lair of
                  | Beasts)
 15992 | Lair:5   | Received a gift from Okawaru
 15998 | Lair:5   | Got a pitted lajatang {god gift}
 16039 | Lair:5   | Identified the +2 lajatang of the Grave {protect, rElec rF-
                  | MP+9} (Okawaru gifted it to you on level 5 of the Lair of
                  | Beasts)
 16218 | Lair:5   | Found a large runed translucent door.
 16219 | Lair:5   | Noticed infcreate's ghost (journeyman HuBe)
 16249 | Lair:5   | Killed infcreate's ghost
 16415 | Lair:6   | Entered Level 6 of the Lair of Beasts
 16690 | Lair:5   | Reached XP level 15. HP: 133/143 MP: 13/15
 16701 | Lair:6   | Reached skill level 16 in Fighting
 16828 | Lair:6   | Received a gift from Okawaru
 17036 | Lair:6   | Received a gift from Okawaru
 17440 | Lair:6   | Found a staircase to the Slime Pits.
 17732 | Lair:6   | Found the ring of Phasing {EV+8}
 17780 | Lair:6   | Received a gift from Okawaru
 18226 | Lair:6   | Got a translucent leather armour
 18228 | Lair:6   | Got a distressingly furry buckler {god gift}
 18420 | D:12     | Identified the cursed +1 leather armour "Epuuptad" {SInv
                  | Stlth+} (You found it on level 6 of the Lair of Beasts)
 18455 | D:12     | Identified the +3 buckler of a bazaar {rF++} (Okawaru
                  | gifted it to you on level 6 of the Lair of Beasts)
 18787 | D:13     | Killed Kirke
 18787 | D:13     | Reached skill level 15 in Shields
 19017 | D:14     | Found a gate leading to a gauntlet.
 19026 | Gauntlet | Entered a Gauntlet
 19026 | Gauntlet | Found a transporter.
 19026 | Gauntlet | Found a transporter.
 19043 | Gauntlet | Found a transporter.
 19047 | Gauntlet | Found a transporter.
 19057 | Gauntlet | Found a transporter.
 19061 | Gauntlet | Found a transporter.
 19077 | Gauntlet | Found a transporter.
 19093 | Gauntlet | Found a transporter.
 19111 | Gauntlet | Found a transporter.
 19115 | Gauntlet | Found a transporter.
 19125 | Gauntlet | Found a transporter.
 19129 | Gauntlet | Found a transporter.
 19416 | Gauntlet | Got a crude ivory ring
 19418 | Gauntlet | Identified the ring "Atuasuko" {rElec rPois Str+3 Int+6
                  | SInv} (You found it in a Gauntlet)
 19764 | D:14     | Found a flickering gateway to a bazaar.
 19769 | Bazaar   | Entered a bazaar
 19769 | Bazaar   | Found Vagir's Weapon Boutique.
 19769 | Bazaar   | Found Zozxauss's Weapon Shop.
 19769 | Bazaar   | Found Pootwos's Antique Armour Shop.
 19995 | D:14     | Noticed Jorgrun
 20023 | D:14     | Killed Jorgrun
 20082 | D:14     | Noticed Snorg
 20098 | D:14     | Killed Snorg
 20143 | D:14     | Got a fabulously ornate robe
 20222 | D:14     | Learned a level 2 spell: Slow
 20225 | D:14     | Learned a level 2 spell: Swiftness
 20343 | D:14     | Identified the +1 robe of Puyl {rC+ Regen+} (You found it
                  | on level 14 of the Dungeon)
 20358 | D:15     | Entered Level 15 of the Dungeon
 20418 | D:15     | Reached skill level 10 in Throwing
 20606 | D:15     | Identified a ring of the Octopus King {rC+ AC+1 EV+1 Str+1
                  | Int+1 Dex+1}
 20760 | D:15     | Reached skill level 17 in Fighting
 20780 | D:15     | HP: 3/147 [fire dragon/blast of flame (33)]
 20811 | D:15     | Killed from afar by a fire dragon

Illustrated notes

Levels and vault maps discovered:
D:1:      roderic_crop_circles_arrival_small, layout_loops_ring
D:2:      layout_rooms
D:3:      minmay_recursive_quarters, layout_loops_ring, first_ration,
          uniq_natasha
D:4:      layout_basic, serial_shops, shop_scrolls, kennysheep_generic_room_6,
          uniq_edmund
D:5:      kb_forest_paths, layout_rooms, serial_shops, nicolae_shop_stone,
          biasface_ghost_orc_armoury
D:6:      layout_loops_cross, minmay_temple_entry_proselytizer,
          hangedman_decor_points, chequers_serial_rivers_marsh
D:7:      layout_rooms, nicolae_ashenzari_panopticon,
          minmay_overflow_temple_star_quad, serial_shops, kennysheep_mini_moat,
          basic_altar, uniq_menkaure, uniq_duvessa, uniq_harold
D:8:      layout_loops_ring, riverfiend_overflow_shadow_ancestor, zin_treasury
D:9:      layout_rooms, nicolae_overflow_hidden_temple, lemuel_doored_altar,
          serial_shops, kennysheep_little_box, uniq_pikel
D:10:     layout_rooms, orc_0_dummy, special_room [special_room_orc],
          uniq_erica, uniq_josephine
D:11:     layout_rooms, erik_lair_orcish_takeover, kennysheep_small_square,
          uniq_urug, uniq_fannar, uniq_sonja
D:12:     layout_layer_cave, serial_shops, shop
D:13:     layout_basic, ximxim_vaults_locker_room, uniq_maurice, uniq_kirke
D:14:     layout_cave_pools, gauntlet_entry_generic, serial_shops,
          bzr_entry_road, uniq_snorg, uniq_jorgrun
D:15:     grunt_enter_depths_hoard, layout_basic, serial_shops, shop,
          chequers_arboretum
Temple:   eino_wide_crystal_templ
Lair:1:   layout_regular_city, st_stairs_11, beast_lair_carwin_9, uniq_nergalle
Lair:2:   layout_roguey, shoals_dummy_entry, minivault_24
Lair:3:   layout_concentric_octagons, spider_nest_entry_a, special_room
          [special_room_bee], lemuel_fruit_tree
Lair:4:   layout_small_grid, portal_ice_cave_entry_animals_and_master,
          gammafunk_ghost_wrathful_warriors, st_stairs_9,
          infiniplex_staircase_pool
Lair:5:   statuecave_lemuel, layout_cave_shapes, ebering_ghost_disaster_area
Lair:6:   gammafunk_lair_ancient_temple, layout_regular_city,
          minmay_slime_entry_pillars, grunt_forest_large_clearings

Skill      XL: |  1  2  3  4  5  6  7  8  9 10 11 12 13 14 15 |
---------------+----------------------------------------------+-----
Fighting       | 4 5 6 8 9 10 12 13 14 15 17 | 17.0
Armour         | 4 5 6 7 8 9 10 11 12 | 12.1
Shields        | 4 5 6 7 8 9 10 11 12 14 15 | 15.5
Maces & Flails | 3 4 5 6 8 10 11 12 14 15 16 | 16.8
Dodging        | 1 2 3 4 5 7 |  7.8
Throwing       | 1 3 4 6 7 8 9 10 | 10.0
Invocations    | 1 2 |  2.0
Evocations     | |  0.5

Action                   |  1- 3 |  4- 6 |  7- 9 | 10-12 | 13-15 || total
-------------------------+-------+-------+-------+-------+-------++-------
Melee: Flail             |   147 |   151 |    88 |       |       ||   386
       Headbutt          |    20 |    26 |    55 |   176 |   409 ||   686
       Morningstar       |       |       |   142 |   693 |  1494 ||  2329
Throw: Boomerang         |     3 |     5 |    33 |   187 |   296 ||   524
       Dart              |       |       |       |    10 |       ||    10
       Javelin           |       |       |       |     1 |       ||     1
Invok: Heroism           |       |       |     1 |     5 |    17 ||    23
       Finesse           |       |       |       |       |     5 ||     5
Evoke: Wand              |       |       |     4 |     1 |       ||     5
  Use: Scroll            |       |       |    14 |     4 |    15 ||    33
       Potion            |       |       |     2 |       |     4 ||     6
  Eat: Chunk             |     1 |     4 |     7 |     9 |     9 ||    30
       Ration            |       |       |     1 |     6 |     9 ||    16
Armor: Scale mail        |    18 |       |       |       |       ||    18
       Chain mail        |    44 |    90 |    78 |   200 |   494 ||   906
       Plate armour      |       |       |       |   126 |       ||   126
       Ring mail         |       |       |       |       |    20 ||    20
       Pearl dragon scal |       |       |       |       |    36 ||    36
Dodge: Dodged            |    25 |    33 |    60 |   190 |   325 ||   633
Block: Kite shield       |    62 |    75 |    98 |   435 |    27 ||   697
       Tower shield      |       |       |       |       |  1390 ||  1390
       Reflection        |       |       |       |       |    14 ||    14
